 Dungeon Crawl Stone Soup version 0.24.0-1-gfbc8707122 (webtiles) character file.

Game seed: 12831357690066601461, levelgen mode: classic

77130 EnegeticOcto the Severer (level 15, -3/132 HPs)
             Began as a Minotaur Fighter on Oct 27, 2019.
             Was the Champion of Makhleb.
             Slain by a spark wasp (4 damage)
             ... on level 4 of the Spider Nest.
             The game lasted 00:14:44 (19512 turns).

EnegeticOcto the Severer (Minotaur Fighter)        Turns: 19512, Time: 00:14:45

Health: -3/132     AC: 27    Str: 29    XL:     15   Next: 14%
Magic:  24/24      EV: 12    Int:  5    God:    Makhleb [******]
Gold:   1322       SH: 17    Dex: 10    Spells: 14/14 levels left

rFire    + + .     SeeInvis .   m - +5 broad axe (elec)
rCold    + + .     Gourm    .   c - +0 shield
rNeg     + . .     Faith    .   o - +10 plate armour {rF+}
rPois    +         Spirit   .   M - -2 hat of the Alchemist {rElec rPois rF+ rC+ rN+ MR+ rMut rCorr}
rElec    +         Reflect  +   O - +1 cloak {rC+}
rCorr    +         Harm     .   (no gloves)
rMut     +                      h - +0 pair of boots
MR       ++...                  I - +4 amulet of reflection
Stlth    ..........             (no ring)
HPRegen  0.32/turn              n - +2 ring of strength
MPRegen  0.19/turn

@: no status effects
A: retaliatory headbutt, horns 2
a: Minor Destruction, Lesser Servant of Makhleb, Major Destruction, Greater
Servant of Makhleb, Renounce Religion


You were on level 4 of the Spider Nest.
You worshipped Makhleb.
Makhleb was exalted by your worship.
You were not hungry.

You visited 4 branches of the dungeon, and saw 22 of its levels.
You also visited: Ice Cave.

You collected 1696 gold pieces.
You spent 374 gold pieces at shops.

Inventory:

Hand Weapons
 m - a +5 broad axe of electrocution (weapon)
 A - a +0 broad axe of chopping
Missiles
 t - 7 throwing nets (quivered) {!f}
Armour
 c - a +0 shield (worn)
 h - a +0 pair of boots (worn)
 o - a +10 plate armour of fire resistance (worn)
 F - a +0 hat of magic resistance
 M - the -2 hat of the Alchemist (worn) {rElec rPois rF+ rC+ rN+ MR+ rMut rCorr}
   (You found it on level 1 of the Orcish Mines)

   It protects you from fire.
   It protects you from cold.
   It insulates you from electricity.
   It protects you from poison.
   It protects you from negative energy.
   It affects your resistance to hostile enchantments.
   It provides partial protection from all sources of acid and corrosion.
   It protects you from mutation.
 O - a +1 cloak of cold resistance (worn)
Jewellery
 n - a +2 ring of strength (right hand)
 I - a +4 amulet of reflection (around neck)
Wands
 l - a wand of acid (14)
 q - a wand of polymorph (70)
 s - a wand of paralysis (25)
 y - a wand of flame (44)
 C - a wand of digging (7)
 H - a wand of enslavement (14)
 N - a wand of iceblast (61)
Scrolls
 a - 5 scrolls of identify {@r1}
 b - a scroll of enchant armour
 f - 4 scrolls of blinking {@r4}
 r - 7 scrolls of remove curse {@r2}
 v - 7 scrolls of teleportation {@r3 !r}
 B - a scroll of magic mapping {@r5 !r}
 J - 4 scrolls of immolation
 L - a scroll of fear {!r}
Potions
 d - 3 potions of might {@q3 !q}
 g - 3 potions of berserk rage
 i - 2 potions of brilliance
 j - a potion of agility {@q5 !q}
 k - 7 potions of haste {@q4 !q}
 p - 5 potions of curing {@q1 !q}
 u - 4 potions of lignification {@q6}
 w - 6 potions of heal wounds {@q2 !q}
 z - 2 potions of resistance
 D - 2 potions of invisibility
 E - a potion of cancellation
 G - 2 potions of magic
Comestibles
 e - 56 rations


   Skills:
 + Level 12.0 Fighting
 * Level 15.9 Axes
 + Level 12.0 Armour
 + Level 10.6 Dodging
 + Level 12.0 Shields
 * Level 13.3 Invocations


You had 14 spell levels left.
You didn't know any spells.
Your spell library contained the following spells:

 Spells                   Type           Power        Failure   Level  Hunger
 Animate Skeleton         Necr           N/A          99%         1    ##.....
 Beastly Appendage        Tmut           #.....       99%         1    ##.....
 Corona                   Hex            #......      99%         1    ##.....
 Magic Dart               Conj           #...         99%         1    ##.....
 Pain                     Necr           #...         99%         1    ##.....
 Blink                    Tloc           N/A          100%        2    ###....
 Call Imp                 Summ           #.......     100%        2    ###....
 Slow                     Hex            #.......     100%        2    ###....
 Sticks to Snakes         Tmut           #.......     100%        2    ###....
 Conjure Flame            Conj/Fire      #.......     100%        3    ####...
 Inner Flame              Hex/Fire       #.......     100%        3    ####...
 Mephitic Cloud           Conj/Pois/Air  #.......     100%        3    ####...
 Portal Projectile        Hex/Tloc       #.....       100%        3    ####...
 Regeneration             Chrm/Necr      #.........   100%        3    ####...
 Spider Form              Tmut/Pois      #.........   100%        3    ####...
 Vampiric Draining        Necr           #.........   100%        3    ####...
 Animate Dead             Necr           N/A          100%        4    #####..
 Cause Fear               Hex            #.........   100%        4    #####..
 Ice Form                 Ice/Tmut       #.......     100%        4    #####..
 Leda's Liquefaction      Hex/Erth       #.........   100%        4    #####..
 Blade Hands              Tmut           #.........   100%        5    ######.
 Bolt of Magma            Conj/Fire/Erth #.........   100%        5    ######.
 Iron Shot                Conj/Erth      #.........   100%        6    #######
 Statue Form              Tmut/Erth      #........    100%        6    #######
 Shatter                  Erth           #.........   100%        9    #######


Dungeon Overview and Level Annotations

Branches:
Dungeon (11/15)            Temple (0/1) D:5            Lair (6/6) D:11
  Swamp (0/4) Lair:2       Spider (4/4) Lair:3        Slime (0/5) Lair:5
    Orc (1/2) D:9           IceCv (visited)

Altars:
Ashenzari
Cheibriados
Hepliaklqana
Makhleb
Okawaru
Ru
Sif Muna
Uskayaw
Wu Jian
Xom
Zin
Beogh
Jiyva

Shops:
D:4 *}*   D:10 [

Portals:
Trove: D:11 (give 5 potions of resistance)

Annotations:
Lair:6 exclusion: 4 oklob plants
Spider:1 1 runed translucent door, melvinkitnick's ghost, adept SpEn


Innate Abilities, Weirdness & Mutations

You reflexively headbutt those who attack you in melee.
You have a pair of horns on your head.


Message History

You are too confused!
You are too confused!
You are too confused!
You hit the tarantella.
Lightning courses through the tarantella!
You kill the tarantella!
Makhleb accepts your kill.
You feel better. The orb of destruction hits you!!
The orb spider begins to weave its threads into a brightly glowing ball.
Really quaff
p - 8 potions of curing {@q1 !q}?
You feel better.
The orb of destruction reflects off an invisible shield around you!
A tarantella comes into view.
The tarantella hisses angrily.
The orb spider weaves a glowing orb of energy.
An orb of destruction comes into view.
The tarantella bites you.
You are confused.
The wavering orb of destruction hits you!
You are too confused!
You are too confused!
You are too confused!
You are too confused!
You are too confused!
You are too confused!
You are too confused!
You're too confused to move!
The tarantella barely misses you. x2
A spark wasp comes into view.
The orb of destruction hits you!!
The orb spider pulsates with a strange energy.
The spark wasp buzzes angrily.
A demonic crawler comes into view.
The demonic crawler gives a hideous shriek!
The tarantella bites you but does no damage.
Really quaff
p - 7 potions of curing {@q1 !q}?
You feel better. The tarantella bites you!
* * * LOW HITPOINT WARNING * * *
You are confused.
The orb spider spins a strand of pure energy.
The tarantella completely misses you.
Really quaff
p - 6 potions of curing {@q1 !q}?
You feel better. You block the tarantella's attack.
Really quaff
w - 8 potions of heal wounds {@q2 !q}?
You feel much better. You block the tarantella's attack. x2
The spark wasp barely misses you.
A demon appears!
The tarantella bites you.
The spark wasp stings you but does no damage.
You block the demonic crawler's attack. x3
You barely miss the tarantella.
Your plate armour prevents you from hitting the spark wasp.
You hit the demonic crawler. The tarantella closely misses you.
You furiously retaliate!
You headbutt the tarantella! You block the spark wasp's attack.
You block the demonic crawler's attack. The demonic crawler closely misses you.
The demonic crawler hits you but does no damage.
The tarantella barely misses you. You furiously retaliate!
You headbutt the tarantella. You block the spark wasp's attack.
You miss the tarantella. You headbutt the tarantella!
The tarantella is severely wounded.
You hit the spark wasp. You barely miss the demonic crawler.
Your blizzard demon waves its arms in wide circles.
The air twists around and strikes the tarantella!
The tarantella dies!
Makhleb accepts your kill.
The demonic crawler hits you but does no damage.
You block the demonic crawler's attack. The demonic crawler hits you.
You block the spark wasp's attack.
The orb spider weaves a glowing orb of energy.
An orb of destruction comes into view.
You see here a tarantella corpse.
A demon appears!
You block the spark wasp's attack. The demonic crawler hits you.
The demonic crawler hits you but does no damage. x2
Your blizzard demon hits the demonic crawler!
Your blizzard demon hits the demonic crawler but does no damage.
The spark wasp stings you!
* * * LOW HITPOINT WARNING * * *
The spark wasp shocks you. You resist.
* * * LOW HITPOINT WARNING * * *
You hit the spark wasp.
You headbutt the spark wasp, but do no damage.
The spark wasp is lightly wounded.
You closely miss the demonic crawler.
The orb of destruction hits the demonic crawler!!!
The demonic crawler is blown up!
The spark wasp stings you!
* * * LOW HITPOINT WARNING * * *
The spark wasp shocks you. You resist.
* * * LOW HITPOINT WARNING * * *
Your blizzard demon barely misses the spark wasp.
Your blizzard demon closely misses the spark wasp.
Really quaff
w - 7 potions of heal wounds {@q2 !q}?
You feel much better. The spark wasp stings you!!
* * * LOW HITPOINT WARNING * * *
The spark wasp shocks you. You resist.
* * * LOW HITPOINT WARNING * * *
The spark wasp stings you!
* * * LOW HITPOINT WARNING * * *
The spark wasp shocks you. You resist.
You die...

...... ......^##
.^.....%.# ..........##
..........%.#####
.........s°.s.#^.# #
.......%...○.....#^.^
./...........2y.......
....^.......%..@^#^.#.#
...^............2## #
....^...........##
.............^.^#
..^...^...%....##
...........%...#
...°.........^.#
...°..††.......#
........^.....^#


You could see a spark wasp, 2 orb spiders, a friendly cacodemon and a friendly
blizzard demon.

Vanquished Creatures
  An entropy weaver (Spider:1)
  A dire elephant (Lair:6)
  Erolcha (D:9)
  Harold (D:11)
  2 hydras (Lair:6)
  An anaconda (Lair:6)
  2 two-headed ogres (D:11)
  A queen ant (D:8)
  Sonja (Lair:5)
  Nergalle (Lair:2)
  2 unseen horrors (D:10)
  2 deep elf magi (Orc:1)
  Pikel (D:4)
  13 wolf spiders
  A necromancer (IceCv)
  3 orb spiders (Spider:3)
  A manticore (D:11)
  A cyclops (D:11)
  2 moths of wrath
  8 black mambas
  4 elephants (Lair:6)
  A torpor snail (Spider:3)
  An ice statue (IceCv)
  17 spiny frogs
  8 komodo dragons
  A rime drake (Lair:5)
  3 demonic crawlers
  10 freezing wraiths (IceCv)
  13 jumping spiders
  A troll (D:10)
  A queen bee (D:9)
  Grinder (D:4)
  A polar bear (Lair:6)
  3 bog bodies (Lair:2)
  15 blink frogs
  5 dream sheep (Lair:6)
  7 hippogriffs
  40 redbacks
  Sigmund (D:5)
  16 tarantellas
  A wraith (D:10)
  5 wyverns
  4 hogs (D:7)
  A human (D:7)
  A spriggan (Lair:4)
  20 yaks
  10 basilisks
  Eustachio (D:6)
  Menkaure (D:5)
  2 hungry ghosts
  A warg (Orc:1)
  20 soldier ants (D:8)
  Duvessa (D:6)
  10 porcupines
  10 water moccasins
  10 orc warriors
  A slave (D:4)
  2 swamp drakes
  3 sky beasts
  A phantom (D:6)
  A black bear (Lair:3)
  15 ice beasts
  8 ogres
  8 wolves
  8 centaurs
  11 crocodiles
  3 big kobolds
  15 bullfrogs
  Dowan (D:6)
  A scorpion (D:6)
  39 killer bees
  An elephant simulacrum (IceCv)
  8 wights
  An electric eel (Lair:2)
  A howler monkey (D:6)
  A bullfrog zombie (D:5)
  4 crimson imps
  6 draconian simulacra (IceCv)
  10 hounds
  3 centaur zombies
  Crazy Yiuf (D:6)
  A bullfrog skeleton (D:8)
  A human zombie (D:7)
  3 jellies
  7 orc priests
  17 orc wizards
  2 centaur skeletons
  An iron imp (Orc:1)
  Ijyb (D:5)
  7 iguanas
  4 hell rats (Lair:2)
  6 troll simulacra (IceCv)
  25 worker ants
  2 polar bear simulacra (IceCv)
  A spriggan simulacrum (IceCv)
  A wolf simulacrum (IceCv)
  2 centaur simulacra (IceCv)
  A hound zombie (D:9)
  2 hound skeletons
  Robin (D:4)
  12 gnolls
  A naga simulacrum (IceCv)
  4 ogre simulacra (IceCv)
  9 adders
  17 river rats (Lair:2)
  8 shadow imps
  13 white imps
  An ooze (D:4)
  A worm zombie (D:7)
  An adder skeleton (D:9)
  2 worms
  2 dart slugs
  4 leopard geckos
  66 orcs
  2 ball pythons
  3 bats
  4 giant cockroaches
  19 goblins
  4 hobgoblins
  12 jackals
  24 kobolds
  10 quokkas
  9 frilled lizards
  A jackal skeleton (D:6)
  2 leopard gecko skeletons
  2 quokka skeletons
  19 rats
  5 fungi
  5 plants
793 creatures vanquished.

Vanquished Creatures (collateral kills)
  2 dire elephants (Lair:6)
  A hydra (Lair:6)
  A komodo dragon (Lair:3)
  3 blink frogs
  A tarantella (Spider:4)
  A yak (Lair:3)
  A basilisk (Lair:3)
  A water moccasin (Lair:6)
  A porcupine (Lair:3)
  A wolf (Lair:3)
  A crocodile (Lair:3)
  A bullfrog skeleton (D:9)
  An iguana (Lair:3)
16 creatures vanquished.

Vanquished Creatures (others)
  A demonic crawler (Spider:4)
  A slave (D:4)
  A worker ant (D:4)
  11 fungi
  8 plants
22 creatures vanquished.

Grand Total: 831 creatures vanquished

Notes
Turn   | Place    | Note
-------+----------+-------------------------------------------
     0 | D:1      | EnegeticOcto the Minotaur Fighter began the quest for the
                  | Orb.
     0 | D:1      | Reached XP level 1. HP: 19/19 MP: 0/0
    78 | D:1      | Reached XP level 2. HP: 24/27 MP: 1/1
   347 | D:1      | Reached skill level 3 in Axes
   747 | D:2      | Reached XP level 3. HP: 33/33 MP: 2/2
   799 | D:2      | Reached skill level 1 in Dodging
   924 | D:2      | Found a hazy altar of Hepliaklqana.
  1216 | D:2      | Reached XP level 4. HP: 40/40 MP: 3/3
  1695 | D:3      | Reached skill level 4 in Axes
  1774 | D:3      | Found a burning altar of Makhleb.
  1784 | D:3      | Became a worshipper of Makhleb the Destroyer
  1820 | D:3      | Reached XP level 5. HP: 36/47 MP: 4/4
  1829 | D:3      | Reached skill level 1 in Invocations
  2289 | D:3      | Found an ornate altar of the Wu Jian Council.
  2384 | D:4      | Noticed Pikel
  2384 | D:4      | Noticed a slave
  2384 | D:4      | Noticed a slave
  2384 | D:4      | Noticed a slave
  2384 | D:4      | Noticed a slave
  2391 | D:4      | Killed a slave
  2401 | D:4      | Killed Pikel
  2401 | D:4      | Reached skill level 5 in Fighting
  2401 | D:4      | Reached skill level 5 in Axes
  2401 | D:4      | Reached skill level 5 in Armour
  2401 | D:4      | Reached XP level 6. HP: 48/56 MP: 4/7
  2401 | D:4      | Reached XP level 7. HP: 52/61 MP: 4/8
  2405 | D:4      | Reached * piety under Makhleb
  2405 | D:4      | Reached skill level 5 in Shields
  2575 | D:4      | Found Voruq's General Store.
  2583 | D:4      | Bought a potion of curing for 30 gold pieces
  2583 | D:4      | Bought a scroll of identify for 20 gold pieces
  2781 | D:4      | Found Aleusmeb's Gadget Boutique.
  2834 | D:4      | Reached skill level 6 in Axes
  2922 | D:4      | Found Pasut's Assorted Antiques.
  2937 | D:4      | Bought a scroll labeled SOVOLU UWKASU for 28 gold pieces
  2937 | D:4      | Bought a scroll of identify for 56 gold pieces
  3002 | D:4      | Noticed Robin
  3009 | D:4      | Noticed Grinder
  3014 | D:4      | Killed Robin
  3021 | D:4      | Killed Grinder
  3021 | D:4      | Reached XP level 8. HP: 37/69 MP: 8/10
  3351 | D:5      | Entered Level 5 of the Dungeon
  3449 | D:5      | Found a hide-covered altar of Uskayaw.
  3462 | D:5      | Reached ** piety under Makhleb
  3559 | D:5      | Noticed Ijyb
  3567 | D:5      | Killed Ijyb
  3622 | D:5      | Found a staircase to the Ecumenical Temple.
  3625 | D:5      | Noticed Menkaure
  3633 | D:5      | Killed Menkaure
  3633 | D:5      | Reached skill level 7 in Axes
  3927 | D:5      | Noticed Sigmund
  3937 | D:5      | Killed Sigmund
  3971 | D:5      | Found a glowing silver altar of Zin.
  4171 | D:5      | Reached skill level 5 in Invocations
  4514 | D:6      | Reached XP level 9. HP: 56/75 MP: 11/11
  4560 | D:6      | Noticed Eustachio
  4582 | D:6      | Killed Eustachio
  4582 | D:6      | Reached skill level 8 in Axes
  4842 | D:6      | Found a shimmering altar of Xom.
  4876 | D:6      | Reached *** piety under Makhleb
  4960 | D:6      | Noticed Duvessa
  4960 | D:6      | Noticed Dowan
  4967 | D:6      | Killed Duvessa
  4987 | D:6      | Killed Dowan
  5264 | D:6      | Found a runed translucent door.
  5265 | D:6      | Noticed Crazy Yiuf
  5272 | D:6      | Killed Crazy Yiuf
  5417 | D:7      | Reached skill level 5 in Dodging
  5477 | D:7      | Found a sacrificial altar of Ru.
  5528 | D:7      | Found a snail-covered altar of Cheibriados.
  5754 | D:7      | Reached skill level 9 in Axes
  5762 | D:7      | Reached XP level 10. HP: 69/86 MP: 12/14
  5921 | D:7      | Found a sand-covered staircase.
  5978 | D:7      | Found an iron altar of Okawaru.
  6624 | D:8      | Noticed a queen ant
  6649 | D:8      | Killed a queen ant
  6649 | D:8      | Reached **** piety under Makhleb
  6695 | D:8      | Reached skill level 10 in Axes
  7589 | D:8      | Reached XP level 11. HP: 94/94 MP: 16/16
  8343 | D:8      | Identified a scroll of acquirement
  8421 | D:9      | Noticed Erolcha
  8430 | D:9      | Killed Erolcha
  8596 | D:9      | Found a sacrificial altar of Ru.
  8846 | D:9      | Found a shattered altar of Ashenzari.
  8928 | D:9      | Reached skill level 11 in Axes
  9054 | D:9      | Found a staircase to the Orcish Mines.
  9331 | D:9      | Reached ***** piety under Makhleb
  9622 | D:10     | Entered Level 10 of the Dungeon
  9657 | D:10     | Found Zeasoiwn's Armour Shoppe.
  9670 | D:10     | Bought a +1 hat of magic resistance for 240 gold pieces
  9745 | D:10     | Killed an unseen horror
 10270 | D:10     | Killed an unseen horror
 10424 | D:11     | Noticed a two-headed ogre
 10434 | D:11     | Killed a two-headed ogre
 10434 | D:11     | Reached skill level 12 in Axes
 10444 | D:11     | Reached XP level 12. HP: 104/104 MP: 18/18
 10479 | D:11     | Noticed a two-headed ogre
 10488 | D:11     | Killed a two-headed ogre
 10524 | D:11     | Noticed Harold
 10534 | D:11     | Killed Harold
 10554 | D:11     | Reached skill level 10 in Invocations
 11039 | D:11     | Found a staircase to the Lair.
 11063 | D:11     | Found a portal to a secret trove of treasure.
 11075 | Lair:1   | Entered Level 1 of the Lair of Beasts
 11575 | Lair:1   | Found a shimmering blue altar of Sif Muna.
 11876 | Lair:2   | Reached ****** piety under Makhleb
 11970 | Lair:2   | Reached skill level 13 in Axes
 12274 | Lair:2   | Noticed Nergalle
 12282 | Lair:2   | Killed Nergalle
 12282 | Lair:2   | Reached skill level 10 in Shields
 12500 | Lair:2   | Reached skill level 10 in Armour
 12743 | Lair:2   | Found a staircase to the Swamp.
 12749 | Lair:2   | Reached skill level 10 in Fighting
 12952 | Lair:3   | Reached XP level 13. HP: 112/113 MP: 20/20
 13304 | Lair:3   | Found a hole to the Spider Nest.
 13971 | Lair:4   | Found a frozen archway.
 13995 | IceCv    | Entered an ice cave
 14210 | IceCv    | Found an ancient bone altar of Kikubaaqudgha.
 14217 | IceCv    | Reached skill level 14 in Axes
 15213 | Lair:5   | Found a staircase to the Slime Pits.
 15213 | Lair:5   | Found a viscous altar of Jiyva.
 15286 | Lair:5   | Noticed Sonja
 15295 | Lair:5   | Killed Sonja
 16049 | Lair:6   | Entered Level 6 of the Lair of Beasts
 16162 | Lair:6   | Reached XP level 14. HP: 124/124 MP: 22/22
 17391 | Lair:6   | Reached skill level 15 in Axes
 17405 | Lair:6   | Reached skill level 10 in Dodging
 17421 | Lair:6   | Got a slimy zirconium amulet
 17422 | Lair:6   | Identified the amulet of Fopteasch {Gourm Int+8} (You found
                  | it on level 6 of the Lair of Beasts)
 17822 | Orc:1    | Entered Level 1 of the Orcish Mines
 17969 | Orc:1    | Found a roughly hewn altar of Beogh.
 18262 | Orc:1    | Found the -2 hat of the Alchemist {rElec rPois rF+ rC+ rN+
                  | MR+ rMut rCorr}
 18604 | Spider:1 | Entered Level 1 of the Spider Nest
 18653 | Spider:1 | Noticed an entropy weaver
 18658 | Spider:1 | Killed an entropy weaver
 18955 | Spider:1 | Found a runed translucent door.
 18958 | Spider:1 | Noticed melvinkitnick's ghost (adept SpEn)
 19407 | Spider:4 | Entered Level 4 of the Spider Nest
 19418 | Spider:3 | Reached XP level 15. HP: 132/132 MP: 23/23
 19512 | Spider:4 | HP: 1/132 [spark wasp (14)]
 19512 | Spider:4 | Slain by a spark wasp

Levels and vault maps discovered:
D:1:      wander_arrival_lonely_grave, layout_basic
D:2:      layout_basic, old_standard_altar
D:3:      layout_basic, overflow_temple_1_default, lemuel_round_altar,
          grunt_decor_mini_mirrors, chequers_serial_rivers_micro_c
D:4:      layout_basic, first_ration, serial_shops, shop, shop, shop,
          uniq_grinder, uniq_robin, uniq_pikel
D:5:      layout_loops_corners, lemuel_round_altar, zin_statuary,
          minmay_temple_entry_large_hall, uniq_menkaure, uniq_ijyb, uniq_sigmund
D:6:      layout_loops_ring, nicolae_overflow_crystal_walls, uniq_duvessa,
          uniq_eustachio, uniq_crazy_yiuf_cottage
D:7:      layout_basic, lemuel_round_altar, overflow_temple_1_default,
          basic_altar, enter_ossuary_3, grunt_livestock
D:8:      layout_layer_cave, minivault_29
D:9:      layout_roguey [special_room_bee], overflow_temple_1_default,
          nicolae_ru_path_of_blood, erik_orc_1, minmay_increasing_density,
          uniq_erolcha
D:10:     layout_roguey, serial_shops, shop
D:11:     cheibrodos_helix_gallery, layout_loops_ring, lair_entry_dummy,
          enter_trove_3, uniq_harold
Lair:1:   layout_cave_pods, basic_altar, grunt_megastairs_3
Lair:2:   lemuel_ratsnest, layout_chaotic_city,
          nicolae_swamp_entry_splash_gauntlet, uniq_nergalle
Lair:3:   beast_lair_carwin_large_2, layout_chaotic_city,
          spider_nest_entry_webs, kennysheep_basilisk_garden, grunt_megastairs_1
Lair:4:   layout_gridlike, portal_ice_cave_entry_ice_beasts,
          serial_bayou_pond_b, grunt_forest_large_clearing_hut
Lair:5:   layout_cave_pods, slime_altar_1, st_stairs_7, lemuel_fruit_tree,
          uniq_sonja
Lair:6:   due_jungle_book, layout_loops_ring, minmay_lair_oklob_chamber,
          serial_bayou_shore_b
Spider:1: layout_spider_delve, ebering_ghost_reflecting_pool,
          nicolae_spider_webbed_stairs
Spider:2: layout_chambers, ebering_ghost_xom
Spider:3: layout_spider_delve, lemuel_hornet_nest
Spider:4: guppyfry_spider_rune, nicolae_spider_cling_ruins
Orc:1:    layout_caves, basic_altar, hangedman_minor_magic

Skill      XL: |  1  2  3  4  5  6  7  8  9 10 11 12 13 14 15 |
---------------+----------------------------------------------+-----
Axes           | 3 4 5 6 7 9 10 12 13 14 15 | 15.9
Fighting       | 4 5 6 7 8 9 10 11 12 | 12.0
Dodging        | 1 2 3 4 5 6 7 8 9 10 | 10.6
Armour         | 4 5 6 7 8 9 10 11 12 | 12.0
Shields        | 4 5 6 7 8 9 10 11 12 | 12.0
Invocations    | 2 4 5 6 8 9 10 12 13 | 13.3

Action                   |  1- 3 |  4- 6 |  7- 9 | 10-12 | 13-15 || total
-------------------------+-------+-------+-------+-------+-------++-------
Melee: War axe           |    97 |    76 |   298 |   275 |       ||   746
       Headbutt          |    13 |     8 |    53 |   134 |   139 ||   347
       Broad axe         |       |       |       |   463 |   715 ||  1178
Invok: Lesser Servant of |       |       |       |     2 |     2 ||     4
       Greater Servant o |       |       |       |       |     5 ||     5
Evoke: Wand              |       |       |       |     1 |     1 ||     2
  Use: Scroll            |       |     4 |     9 |    14 |     9 ||    36
       Potion            |       |       |       |     1 |     7 ||     8
 Stab: Distracted        |       |       |       |     1 |       ||     1
       Paralysed         |       |       |       |       |     3 ||     3
  Eat: Chunk             |     1 |    16 |    12 |    26 |    19 ||    74
Armor: Scale mail        |    40 |     4 |       |       |       ||    44
       Plate armour      |       |    40 |   152 |   427 |   339 ||   958
Dodge: Dodged            |    36 |    17 |    50 |   265 |   226 ||   594
Block: Shield            |    59 |    35 |   146 |   518 |   621 ||  1379
       Reflection        |       |       |       |       |     3 ||     3
